 Dungeon Crawl Stone Soup version 0.30.0-10-gfe55d96785 (webtiles) character file.

Game seed: 16689878093617779949

282 Pimp the Shooter (level 6, -1/36 HPs)
             Began as a Deep Elf Hunter on May 14, 2023.
             Slain by a black bear (10 damage)
             ... on level 5 of the Dungeon.
             The game lasted 00:06:27 (2980 turns).

Pimp the Shooter (Deep Elf Hunter)                  Turns: 2980, Time: 00:06:29

Health: -1/36      AC:  6    Str:  8    XL:     6   Next: 6%
Magic:  8/8        EV: 14    Int: 14    God:
Gold:   159        SH:  5    Dex: 20    Spells: 5/5 levels left

rFire   . . .        l - +0 long sword
rCold   . . .        (no shield)
rNeg    + . .        c - +0 leather armour
rPois   .            t - +0 helmet
rElec   .            (no cloak)
rCorr   .            o - +1 pair of gloves
SInv    .            (no boots)
Will    +....        u - amulet of reflection
Stlth   +++          h - ring of positive energy
HPRegen 0.26/turn    q - ring of willpower
MPRegen 0.11/turn

%: reflection
@: no status effects
A: no striking features
a: no special abilities


You were on level 5 of the Dungeon.
You visited 1 branch of the dungeon, and saw 5 of its levels.

You collected 159 gold pieces.

Inventory:

Hand Weapons
 a - a +0 shortbow
 l - a +0 long sword (weapon)
Armour
 c - a +0 leather armour (worn)
 k - a scarf of shadows
 o - a +1 pair of gloves (worn)
 t - a +0 helmet (worn)
Jewellery
 h - a ring of positive energy (left hand)
 q - a ring of willpower (right hand)
 u - an amulet of reflection (around neck)
Wands
 n - a wand of charming (8)
 s - a wand of flame (22)
 x - a wand of polymorph (8)
Scrolls
 b - a scroll of immolation
 r - 2 scrolls of identify
 w - a scroll of poison {unknown}
Potions
 e - a potion of curing
 f - a potion of might {unknown}
 g - a potion of heal wounds {unknown}
 i - a potion of lignification {unknown}
 j - 3 potions of invisibility {unknown}
 m - 2 potions of haste {unknown}
 p - 2 potions of resistance {unknown}
 v - 2 potions of mutation {unknown}


   Skills:
 + Level 2.9 Fighting
 * Level 6.8 Ranged Weapons
 + Level 4.3 Dodging
 + Level 3.9 Stealth


You had 5 spell levels left.
You didn't know any spells.
Your spell library contained the following spells:

 Spells                   Type           Power      Damage    Failure   Level
 Summon Small Mammal      Summ           0%         N/A       38%         1
 Call Canine Familiar     Summ           0%         N/A       77%         3
 Summon Guardian Golem    Hex/Summ       0%         N/A       77%         3


Dungeon Overview and Level Annotations

Branches:
Dungeon (5/15)
 Temple: D:4-7

Altars:

Shops:
D:4 [

Annotations:
D:3 1 runed translucent door, Crazy Yiuf


Message History

The black bear is heavily wounded.
The black bear bites you but does no damage.
The black bear claws you but does no damage. x2
The black bear barely misses you. The black bear closely misses you.
The black bear claws you but does no damage.
You hit the black bear.
The black bear is heavily wounded.
You block the black bear's attack.
The black bear claws you but does no damage.
You block the black bear's attack.
You closely miss the black bear.
The black bear is heavily wounded.
The black bear misses you. The black bear claws you.
The black bear claws you but does no damage.
You barely miss the black bear.
The black bear is heavily wounded.
The black bear closely misses you. The black bear misses you. x2
The black bear bites you. The black bear barely misses you.
You block the black bear's attack.
You hit the black bear.
The black bear is severely wounded.
The black bear bites you. The black bear claws you.
The black bear claws you but does no damage.
You closely miss the black bear.
The black bear is severely wounded.
The black bear barely misses you. The black bear misses you.
The black bear claws you.
The black bear goes berserk!
You slash the black bear!
The black bear is almost dead.
The black bear closely misses you. x2
The black bear claws you but does no damage.
You block the black bear's attack. The black bear barely misses you.
The black bear closely misses you.
You hit the black bear.
The black bear is almost dead.
The black bear bites you but does no damage.
The black bear claws you. x2
* * * LOW HITPOINT WARNING * * *
The black bear bites you!
You die...

...........# ....
...........###+#...
#######+#........#
#....#........#
#....'........#
#....#........#
##..##........#
#########'#......
#.....@#......
#......h......
#>.....#......
##.....#......
####### ..... .....
.... ....


You could see a black bear (berserk).

Vanquished Creatures
  A hound (D:5)
  An orc priest (D:5)
  An iguana (D:4)
  An orc wizard (D:5)
  Ijyb (D:3)
  Robin (D:3)
  An adder (D:5)
  An ufetubus (D:4)
  A worm (D:2)
  2 dart slugs
  15 orcs
  4 ball pythons
  5 endoplasms
  2 giant cockroaches
  8 goblins
  12 hobgoblins
  3 jackals (D:1)
  8 kobolds
  6 quokkas
  2 bats (D:1)
  8 frilled lizards
  5 rats
89 creatures vanquished.

Vanquished Creatures (others)
  An orc wizard (D:5)
1 creature vanquished.

Grand Total: 90 creatures vanquished

Notes
Turn   | Place    | Note
-------+----------+-------------------------------------------
     0 | D:1      | Pimp the Deep Elf Hunter began the quest for the Orb.
     0 | D:1      | Reached XP level 1. HP: 12/12 MP: 3/3
   173 | D:1      | Reached XP level 2. HP: 17/17 MP: 4/4
   432 | D:1      | Found a faded altar of an unknown god.
   797 | D:1      | Reached XP level 3. HP: 19/21 MP: 5/5
  1330 | D:3      | Reached XP level 4. HP: 26/26 MP: 6/6
  1422 | D:3      | Found a runed translucent door.
  1423 | D:3      | Noticed Crazy Yiuf
  1473 | D:3      | Noticed Ijyb
  1485 | D:3      | Killed Ijyb
  1486 | D:3      | Reached skill level 6 in Ranged Weapons
  1589 | D:3      | Noticed Robin
  1592 | D:3      | Killed Robin
  2165 | D:4      | Reached XP level 5. HP: 31/31 MP: 7/7
  2261 | D:4      | Found Sadduoga's Armour Shop.
  2557 | D:5      | Entered Level 5 of the Dungeon
  2862 | D:5      | Reached XP level 6. HP: 22/36 MP: 8/8
  2980 | D:5      | Slain by a black bear

Illustrated notes

Levels and vault maps discovered:
D:1:      evilmike_arrival_hilbert_curve, layout_loops_corners,
          ebering_ecumenical_altar_ruins, minmay_split_cup_small
D:2:      layout_basic, serial_bayou_pond_b
D:3:      layout_rooms, minmay_misc_feat_encased, palyth_stone_intersect,
          minmay_misc_feat_hallway, nicolae_goblin_pals, uniq_ijyb, uniq_robin,
          uniq_crazy_yiuf_cottage
D:4:      layout_gridville, serial_shops, shop_fountains
D:5:      layout_gridville

Skill      XL: |  1  2  3  4  5 |
---------------+----------------+-----
Stealth        | 2 3 |  3.9
Fighting       | 2 |  2.9
Dodging        | 3 4 |  4.3
Ranged Weapons | 6 |  6.8

Action                     |  1- 3 |  4- 6 || total
---------------------------+-------+-------++-------
  Melee: Long sword        |       |    27 ||    27
         Punch             |       |     1 ||     1
   Fire: Shortbow          |    96 |   106 ||   202
    Use: Scroll            |     6 |     1 ||     7
         Potion            |       |     2 ||     2
 Armour: Leather armour    |     6 |    23 ||    29
  Dodge: Dodged            |    20 |    52 ||    72
  Block: Other             |       |    11 ||    11
